 Dungeon Sprint DCSS version 0.23-a0-175-g97aacdb (webtiles) character file.

18389 Fang the Severer (level 12, -15/135 HPs)
             Began as a Gargoyle Berserker on Sept 14, 2018.
             Was a High Priest of Trog.
             Killed from afar by a thorn hunter (20 damage)
             ... with a volley of thorns
             ... in the Dungeon (Sprint IX: "|||||||||||||||||||||||||||||") on Sept 17, 2018.
             The game lasted 00:12:41 (3311 turns).

Fang the Severer (Gargoyle Berserker)               Turns: 3311, Time: 00:12:42

Health: -15/135    AC: 29    Str: 27    XL:     12   Next: 58%
Magic:  12/12      EV: 13    Int: 10    God:    Trog [*****.]
Gold:   1678       SH:  0    Dex: 14    Spells: 11/11 levels left

rFire    . . .     SeeInvis .   t - +7 battleaxe of Butchery {distort, Dex+2 Stlth+}
rCold    . . .     Gourm    .   (shield currently unavailable)
rNeg     + . .     Faith    .   y - +1 chain mail {MR+}
rPois    ∞         Spirit   .   a - +1 helmet
rElec    +         Reflect  .   (no cloak)
rCorr    .         Harm     .   (no gloves)
MR       ++...     Rnd*Rage +   (no boots) Stlth ..........NoTele +
                                (no amulet)
HPRegen  0.32/turn              m - +2 ring of protection
MPRegen  0.13/turn              n - +3 ring of dexterity

@: berserking, slightly contaminated, very quick
A: claws 2, icy blue scales 1, berserk 1, magic resistance 1, negative energy
resistance 1, electricity resistance, weak 1, unbreathing, petrification
resistance, rot immunity, AC +8
a: Berserk, Trog's Hand, Brothers in Arms, Renounce Religion


You were in the Dungeon.
You worshipped Trog.
Trog was extremely pleased with you.
You were not hungry.

You visited 1 branch You collected 1850 gold pieces.
You spent 172 gold pieces at shops.

Inventory:

Hand Weapons
 s - a +5 antimagic battleaxe
 t - the +7 battleaxe of Butchery (weapon) {distort, Dex+2 Stlth+}
   (Trog gifted it to you in the Dungeon)

   It warps and distorts space around it.
   Unwielding it can cause banishment or high damage.
   It affects your dexterity (+2).
   It makes you more stealthy.
 u - a +2 executioner's axe of electrocution
 w - a +3 broad axe
 x - a +2 war axe of chopping
 B - a +3 executioner's axe of draining
 E - a +6 antimagic battleaxe
Missiles
 C - 5 steel javelins (quivered)
Armour
 a - a +1 helmet (worn)
 p - a +1 chain mail
 y - a +1 chain mail of magic resistance (worn)
Jewellery
 m - a +2 ring of protection (left claw)
 n - a +3 ring of dexterity (right claw)
 r - an uncursed ring of protection from fire
Wands
 l - a wand of acid (10)
Scrolls
 b - 4 scrolls of enchant weapon
 i - 3 scrolls of blinking
 k - 4 scrolls of remove curse
 q - 4 scrolls of identify
 A - 2 scrolls of enchant armour
Potions
 d - 5 potions of curing
 e - a potion of heal wounds
 f - 2 potions of haste
 g - 4 potions of magic
 h - 3 potions of berserk rage
 j - a potion of invisibility
 o - 2 potions of might
 z - a potion of agility
Comestibles
 c - 8 rations


   Skills:
 + Level 16.4 Fighting
 + Level 19.9 Axes
 + Level 14.1 Armour
 + Level 7.2 Dodging
 + Level 4.1 Stealth


You had 11 spell levels left.
You didn't know any spells.
Your spell library was empty.

Dungeon Overview and Level Annotations

Branches:
Dungeon (1/1)

Altars:
Cheibriados
Dithmenos
Elyvilon
Fedhas
Gozag
Hepliaklqana
Kikubaaqudgha
Makhleb
Nemelex Xobeh
Okawaru
Qazlal
Ru
Sif Muna
Trog
Uskayaw
Vehumet
Wu Jian
Xom
Yredelemnul
Zin
The Shining One
Beogh
Jiyva
Lugonu

Shops:
D [(([

Annotations:
D Josephine


Innate Abilities, Weirdness & Mutations

You are resistant to torment.
Your stone body is resilient. (AC +8)
You are immune to poison.
You resist negative energy. (rN+)
You are resistant to electric shocks. (rElec)
You can survive without breathing.
You are immune to petrification.
You are immune to rotting.
You have very sharp fingernails.
You are partially covered in icy blue scales. (AC +2)
You tend to lose your temper in combat.
You are resistant to hostile enchantments. (MR+)
You are weak. (Str -2)


Message History

You completely miss the insubstantial wisp.
The thorn hunter blinks!
Your two-headed ogre is engulfed in noxious fumes.
Your two-headed ogre appears confused.
The thorn hunter fires a volley of thorns at you.
The volley of thorns hits you!
* * * LOW HITPOINT WARNING * * *
You hit the thorn hunter.
Space bends around the thorn hunter.
The thorn hunter is lightly damaged.
You closely miss the insubstantial wisp.
A swamp drake comes into view.
The insubstantial wisp hits you but does no damage.
You closely miss the thorn hunter.
The thorn hunter is lightly damaged.
You closely miss the insubstantial wisp.
Your two-headed ogre misses the insubstantial wisp.
Your two-headed ogre barely misses the insubstantial wisp.
The thorn hunter fires a volley of thorns at you.
The volley of thorns hits you!
You die...

♣♣♣♣♣♣♣▓▓▓▓▓▓▓▓▓▓▓▓▓▓▓▓▓▓▓
§.k..DDkf@vO..PP'§(....)))
▓▓▓▓♣♣♣♣♣♣♣♣♣♣▓▓▓▓▓▓▓▓▓▓▓▓▓▓▓▓▓▓▓
...................).............
▓▓▓▓▓▓▓▓▓▓▓▓▓▓▓▓▓▓▓▓▓▓▓▓▓▓▓▓▓▓▓▓▓
..((()'(.........[[[[)[.[.)))))))
▓▓▓▓▓▓▓▓▓▓▓▓▓▓▓▓▓▓▓▓▓▓▓▓▓▓▓▓▓▓▓▓▓
.................................
▓▓▓▓▓▓▓▓▓▓▓▓▓▓▓▓▓▓▓▓▓▓▓▓▓▓▓▓▓▓▓▓▓
∩)∩()).)).)....[[[[[)'.......))))


You could see a thorn hunter, 2 swamp dragons, 2 swamp drakes, an insubstantial
wisp and a friendly two-headed ogre (berserk).

Vanquished Creatures
  A hydra (D)
  A shock serpent (D)
  A salamander mystic (D)
  An orc knight (D)
  A sea snake (D)
  A harpy (D)
  A manticore (D)
  2 orc sorcerers (D)
  2 black mambas (D)
  An elephant (D)
  Joseph (D)
  A spiny frog (D)
  A komodo dragon (D)
  A rime drake (D)
  A yaktaur (D)
  A troll (D)
  A polar bear (D)
  A merfolk (D)
  A hornet (D)
  A slime creature (D)
  2 hippogriffs (D)
  4 blink frogs (D)
  A snapping turtle (D)
  A water elemental (D)
  A shadow (D)
  2 wraiths (D)
  A yak (D)
  Eustachio (D)
  A naga (D)
  2 porcupines (D)
  A water moccasin (D)
  A phantom (D)
  16 orc warriors (D)
  A crocodile (D)
  9 bullfrogs (D)
  2 wights (D)
  A crimson imp (D)
  4 orc wizards (D)
  3 orc priests (D)
  An iguana (D)
  A worker ant (D)
  An adder skeleton (D)
  An adder simulacrum (D)
  8 orcs (D)
  2 giant cockroaches (D)
  A goblin (D)
  A hobgoblin (D)
  A kobold (D)
  A quokka (D)
  2 frilled lizards (D)
96 creatures vanquished.

Vanquished Creatures (collateral kills)
  A nagaraja (D)
  2 stone giants (D)
  A fire dragon (D)
  A tengu warrior (D)
  A deep troll earth mage (D)
  A naga ritualist (D)
  4 orc knights (D)
  A black mamba (D)
  3 orc warriors (D)
  A bullfrog (D)
16 creatures vanquished.

Vanquished Creatures (others)
  An orc warrior (D)
1 creature vanquished.

Grand Total: 113 creatures vanquished

Notes
Turn   | Place    | Note
-------+----------+-------------------------------------------
     0 | D        | Fang the Gargoyle Berserker began the quest for the Orb.
     0 | D        | Reached XP level 1. HP: 14/14 MP: 1/1
     7 | D        | Reached skill level 3 in Axes
    17 | D        | Reached ** piety under Trog
   143 | D        | Reached XP level 2. HP: 20/20 MP: 2/2
   148 | D        | Reached *** piety under Trog
   269 | D        | Found a roughly hewn altar of Beogh.
   269 | D        | Found a snail-covered altar of Cheibriados.
   269 | D        | Found a shadowy altar of Dithmenos.
   269 | D        | Found a white marble altar of Elyvilon.
   269 | D        | Found a blossoming altar of Fedhas.
   269 | D        | Found an opulent altar of Gozag.
   270 | D        | Found a hazy altar of Hepliaklqana.
   271 | D        | Found a viscous altar of Jiyva.
   272 | D        | Found an ancient bone altar of Kikubaaqudgha.
   273 | D        | Found a corrupted altar of Lugonu.
   274 | D        | Found a burning altar of Makhleb.
   275 | D        | Found a sparkling altar of Nemelex Xobeh.
   276 | D        | Found an iron altar of Okawaru.
   277 | D        | Found a stormy altar of Qazlal.
   278 | D        | Found a sacrificial altar of Ru.
   279 | D        | Found a deep blue altar of Sif Muna.
   280 | D        | Found a bloodstained altar of Trog.
   281 | D        | Found a hide-covered altar of Uskayaw.
   282 | D        | Found a radiant altar of Vehumet.
   283 | D        | Found an ornate altar of the Wu Jian Council.
   284 | D        | Found a shimmering altar of Xom.
   285 | D        | Found a basalt altar of Yredelemnul.
   286 | D        | Found a glowing silver altar of Zin.
   287 | D        | Found a glowing golden altar of the Shining One.
   343 | D        | Noticed a hornet
   343 | D        | Noticed a crimson imp
   343 | D        | Noticed a wight
   348 | D        | Reached **** piety under Trog
   348 | D        | Reached skill level 5 in Fighting
   348 | D        | Reached skill level 4 in Axes
   348 | D        | Reached XP level 3. HP: 19/26 MP: 3/3
   349 | D        | Reached skill level 5 in Axes
   349 | D        | Reached XP level 4. HP: 24/32 MP: 4/4
   351 | D        | Reached skill level 6 in Axes
   351 | D        | Reached XP level 5. HP: 28/37 MP: 5/5
   354 | D        | Killed a hornet
   354 | D        | Reached skill level 8 in Axes
   354 | D        | Reached XP level 6. HP: 29/45 MP: 6/6
   359 | D        | Reached ***** piety under Trog
   359 | D        | Received a gift from Trog
   359 | D        | Reached skill level 9 in Axes
   359 | D        | Reached skill level 5 in Armour
   521 | D        | Noticed a phantom
   521 | D        | Noticed a manticore
   521 | D        | Noticed a shadow
   521 | D        | Noticed an orc warrior
   525 | D        | Killed an orc warrior
   525 | D        | Reached XP level 7. HP: 51/51 MP: 7/7
   529 | D        | Killed a shadow
   537 | D        | Killed a manticore
   537 | D        | Received a gift from Trog
   537 | D        | Reached skill level 10 in Fighting
   537 | D        | Reached skill level 11 in Axes
   537 | D        | Reached skill level 5 in Dodging
   537 | D        | Reached XP level 8. HP: 22/57 MP: 8/8
   906 | D        | Gained mutation: You have sharp fingernails. [potion of
                  | mutation]
   906 | D        | Gained mutation: You are partially covered in icy blue
                  | scales. (AC +2) [potion of mutation]
   906 | D        | Gained mutation: You are resistant to hostile enchantments.
                  | (MR+) [potion of mutation]
   924 | D        | Noticed a hippogriff
   924 | D        | Noticed a spiny frog
   924 | D        | Noticed a yak
   924 | D        | Noticed a komodo dragon
   930 | D        | Killed a komodo dragon
   930 | D        | Reached skill level 12 in Axes
   938 | D        | Killed a yak
   940 | D        | Killed a spiny frog
   940 | D        | Received a gift from Trog
   940 | D        | Reached skill level 13 in Axes
   940 | D        | Reached skill level 1 in Stealth
   940 | D        | Reached XP level 9. HP: 64/64 MP: 9/9
   995 | D        | Noticed a rime drake
   995 | D        | Noticed a polar bear
   995 | D        | Noticed a black mamba
  1002 | D        | Noticed an elephant
  1004 | D        | Killed a black mamba
  1004 | D        | Reached skill level 14 in Axes
  1011 | D        | Killed a polar bear
  1014 | D        | Received a gift from Trog
  1030 | D        | Killed a rime drake
  1030 | D        | Reached XP level 10. HP: 63/72 MP: 10/10
  1035 | D        | Killed an elephant
  1035 | D        | Reached skill level 15 in Axes
  1147 | D        | Received a gift from Trog
  1150 | D        | Reached ****** piety under Trog
  1164 | D        | Reached skill level 10 in Armour
  1263 | D        | Noticed Joseph
  1276 | D        | Killed Joseph
  1433 | D        | Reached skill level 16 in Axes
  1449 | D        | Received a gift from Trog
  1627 | D        | Noticed an orc sorcerer
  1636 | D        | Received a gift from Trog
  1640 | D        | Killed an orc sorcerer
  1643 | D        | Noticed an orc sorcerer
  1644 | D        | Reached XP level 11. HP: 69/79 MP: 3/11
  1653 | D        | Killed an orc sorcerer
  1656 | D        | Received a gift from Trog
  1675 | D        | Got a bloodstained battleaxe {god gift}
  1685 | D        | Identified the +7 battleaxe of Butchery {distort, Dex+2
                  | Stlth+} (Trog gifted it to you in the Dungeon)
  1860 | D        | Upgraded the game from 0.23-a0-171-g5ae17c6 to
                  | 0.23-a0-175-g97aacdb
  1863 | D        | Found Tiafauh's Antique Armour Boutique.
  1863 | D        | Noticed an orc knight
  1863 | D        | Noticed an orc knight
  1863 | D        | Noticed an orc knight
  1870 | D        | Killed an orc knight
  1870 | D        | Reached skill level 17 in Axes
  1882 | D        | Received a gift from Trog
  1883 | D        | Killed an orc knight
  1890 | D        | Killed an orc knight
  1891 | D        | Found Heahoa's Antique Weapon Shop.
  1911 | D        | Found Entuinuez's Weapon Boutique.
  1914 | D        | Found Ymomoaq's Antique Armour Shop.
  1915 | D        | Noticed an orc knight
  1917 | D        | Noticed an orc knight
  1924 | D        | Killed an orc knight
  1928 | D        | Killed an orc knight
  1930 | D        | Received a gift from Trog
  2101 | D        | Bought a +2 war axe of chopping for 172 gold pieces
  2178 | D        | Noticed Josephine
  2298 | D        | Noticed a centaur warrior
  2310 | D        | Noticed a tengu warrior
  2313 | D        | Noticed a purple very ugly thing
  2314 | D        | Received a gift from Trog
  2314 | D        | Reached skill level 18 in Axes
  2314 | D        | Noticed a fire dragon
  2316 | D        | Noticed a deep troll earth mage
  2321 | D        | Noticed a stone giant
  2323 | D        | Noticed a stone giant
  2329 | D        | Killed a tengu warrior
  2330 | D        | Killed a fire dragon
  2330 | D        | Received a gift from Trog
  2332 | D        | Killed a deep troll earth mage
  2332 | D        | Received a gift from Trog
  2332 | D        | Reached skill level 15 in Fighting
  2333 | D        | Killed a stone giant
  2336 | D        | Killed a stone giant
  2369 | D        | HP: 2/81 [yaktaur/bolt (18)]
  2659 | D        | Noticed Donald
  2667 | D        | Banished Donald
  2667 | D        | Reached XP level 12. HP: 44/88 MP: 12/12
  2749 | D        | Noticed Eustachio
  2948 | D        | Killed Eustachio
  3021 | D        | Noticed an anaconda
  3021 | D        | Noticed a shock serpent
  3022 | D        | Noticed a nagaraja
  3029 | D        | Killed a shock serpent
  3029 | D        | Reached skill level 19 in Axes
  3034 | D        | Received a gift from Trog
  3041 | D        | Killed a nagaraja
  3070 | D        | Gained mutation: You have very sharp fingernails.
                  | [mutagenic glow]
  3106 | D        | Received a gift from Trog
  3186 | D        | Gained mutation: You tend to lose your temper in combat.
                  | [mutagenic glow]
  3238 | D        | Gained mutation: You are weak. (Str -2) [mutagenic glow]
  3289 | D        | Noticed a thorn hunter
  3289 | D        | Noticed a six-headed hydra
  3307 | D        | Killed a ten-headed hydra
  3309 | D        | HP: 5/135 [thorn hunter/volley of thorns (25)]
  3311 | D        | Killed from afar by a thorn hunter

Vault maps used:
D:        linesprint

Skill      XL: |  1  2  3  4  5  6  7  8  9 10 11 12 |
---------------+-------------------------------------+-----
Axes           | 3 4 5 6 8 9 11 13 14 16 18 19 | 19.9
Fighting       | 4 5 6 8 9 10 11 12 13 15 16 | 16.4
Dodging        | 2 3 4 5 6 7 |  7.2
Armour         | 3 4 5 6 7 9 10 12 14 | 14.1
Stealth        | 1 2 3 4 |  4.1

Action                   |  1- 3 |  4- 6 |  7- 9 | 10-12 || total
-------------------------+-------+-------+-------+-------++-------
Melee: Hand axe          |    32 |       |       |       ||    32
       Broad axe         |     5 |    14 |    76 |    32 ||   127
       Battleaxe         |       |       |       |   194 ||   194
Invok: Berserk           |     3 |     1 |     2 |    10 ||    16
       Brothers in Arms  |       |       |       |     8 ||     8
  Use: Potion            |       |       |     2 |     5 ||     7
 Stab: Distracted        |       |       |       |     1 ||     1
  Eat: Chunk             |       |     1 |     4 |    11 ||    16
       Ration            |       |       |       |     3 ||     3
Armor: Animal skin       |     7 |       |       |       ||     7
       Chain mail        |     1 |     7 |    54 |   147 ||   209
Dodge: Dodged            |    18 |     1 |    42 |   113 ||   174

Table legend:
 A = Non-vault XP
 B = Vault XP
 C = Vault XP percentage of total XP
 D = Non-vault monster count
 E = Vault monster count
 F = Vault count percentage of total count
                 A         B        C        D         E       F
            +---------+---------+-------+---------+---------+-------
      Total |       0 |   26270 | 100.0 |       0 |     114 | 100.0
            +---------+---------+-------+---------+---------+-------
          D |       0 |   26270 | 100.0 |       0 |     114 | 100.0
            +---------+---------+-------+---------+---------+-------
